 Dungeon Crawl Stone Soup version 0.27-a0-385-g3208abaabc (webtiles) character file.

Game seed: 10788918622486328816

109 tilp the Insei (level 4, -8/29 HPs)
             Began as an Octopode Transmuter on Feb 19, 2021.
             Mangled by a centaur (9 damage)
             ... on level 3 of the Dungeon.
             The game lasted 00:02:25 (2576 turns).

tilp the Insei (Octopode Transmuter)                Turns: 2576, Time: 00:02:26

Health: -8/29      AC:  1    Str:  9      XL:     4   Next: 89%
Magic:  6/7        EV: 13    Int: 14 (16) God:
Gold:   125        SH:  0    Dex:  9 (12) Spells: 1/7 levels left

rFire    . . .     SeeInvis .     - Unarmed
rCold    . . .     Faith    .   (no shield)
rNeg     . . .     Spirit   .   (helmet currently unavailable)
rPois    .         Reflect  .   (no amulet)
rElec    .         Harm     .   (no ring)
rCorr    .         Rampage  .   (no ring)
Will     .....                  (no ring)
Stlth    +++.......             (no ring)
HPRegen  0.09/turn              (no ring)
MPRegen  0.10/turn              (no ring)
                                (no ring)
                                (no ring)

@: appendages
A: almost no armour, stealthy swim, amphibious, 8 rings, constrict 8, tentacle
spike 3, camouflage 1, gelatinous body 1
a: End Transformation


You were on level 3 of the Dungeon.
One of your tentacles had a temporary spike.
You visited 1 branch of the dungeon, and saw 3 of its levels.

You collected 125 gold pieces.

Inventory:

Missiles
 e - 25 stones (quivered)
Scrolls
 b - 4 scrolls of teleportation
 c - a scroll of identify {unknown}
 d - a scroll of blinking {unknown}
 g - a scroll of immolation {unknown}
 h - a scroll of enchant weapon {unknown}
Potions
 a - a potion of lignification {unknown}
 f - a potion of berserk rage {unknown}
 i - a potion of attraction {unknown}
 j - a potion of resistance {unknown}
 k - a potion of might {unknown}
 l - a potion of magic {unknown}


   Skills:
 + Level 2.0 Fighting
 - Level 2.0 Dodging
 - Level 4.0 Stealth
 * Level 4.1 Unarmed Combat
 - Level 2.0 Spellcasting
 - Level 2.0 Transmutations


You had one spell level left.
You knew the following spells:

 Your Spells              Type           Power        Failure   Level
a - Beastly Appendage     Tmut           14%          11%         1
b - Wereblood             Tmut           7%           16%         2
c - Spider Form           Tmut/Pois      2%           43%         3

Your spell library contained the following spells:

 Spells                   Type           Power        Failure   Level
 Ice Form                 Ice/Tmut       4%           83%         4
 Blade Hands              Tmut           3%           96%         5


Dungeon Overview and Level Annotations

Branches:
Dungeon (3/15)

Altars:
Cheibriados
Fedhas
Kikubaaqudgha
Yredelemnul


Innate Abilities, Weirdness & Mutations

You cannot wear most types of armour.
You are very stealthy in the water. (Stealth+)
You are amphibious.
You can wear up to eight rings at the same time.
You can use your tentacles to constrict eight enemies at once.
Your skin changes colour to match your surroundings (Stealth+).
Your rubbery body absorbs attacks. (AC +1, EV +1)
One of your tentacles bears a large vicious spike.


Message History

A rat is nearby!
You closely miss the rat. You grab the rat. You constrict the rat.
The rat barely misses you.
You tentacle-slap the rat.
You kill the rat!
l - a bubbling white potion
Found a snail-covered altar of Cheibriados.
Done exploring.
Done exploring.
Found a blossoming altar of Fedhas.
Found a stone staircase leading down.
Found a basalt altar of Yredelemnul.
Found an ancient bone altar of Kikubaaqudgha.
(D) Dungeon
Where to? (Enter - D:2 @ (x,y), ? - help)
You see here a dagger.
There is a stone staircase leading down here.
You climb downwards.
There is a stone staircase leading up here.
A centaur comes into view.
The centaur shouts!
You hear a shout!
The centaur wields a +0 shortbow.
The centaur shoots an arrow.
The arrow closely misses you.
Found 5 silver javelins.
Unknown command.
Casting: Wereblood (safe; 16% risk of failure)
Confirm with . or Enter, or press ? or * to list all spells.
One of your tentacles grows a vicious spike.
The centaur shoots an arrow.
The arrow hits you!
The centaur unwields a +0 shortbow.
The centaur barely misses you.
A hobgoblin comes into view. It is wielding a +0 club.
You completely miss the centaur. The centaur barely misses you. x2
You tentacle-slap the centaur but do no damage.
Your tentacle spike misses the centaur.
The centaur hits you!
* * * LOW HITPOINT WARNING * * *
You tentacle-slap the centaur.
The centaur is moderately wounded.
The centaur hits you!
* * * LOW HITPOINT WARNING * * *
The centaur hits you!
You die...

# #. #.# ###
.g# ##..
#c###.# #@#..#
##.#.# ###.#
#.#####.######
#........<...#
######.#####.#
#.# #.# #.#


You could see a centaur and a hobgoblin.

Vanquished Creatures
  An orc wizard (D:2)
  3 adders (D:2)
  An ooze (D:2)
  2 worms (D:2)
  2 dart slugs (D:1)
  2 leopard geckos (D:1)
  2 orcs (D:2)
  8 bats (D:1)
  5 goblins
  3 hobgoblins
  A frilled lizard (D:1)
  9 kobolds
  A rat (D:2)
40 creatures vanquished.

Notes
Turn   | Place    | Note
-------+----------+-------------------------------------------
     0 | D:1      | tilp the Octopode Transmuter began the quest for the Orb.
     0 | D:1      | Reached XP level 1. HP: 13/13 MP: 3/3
    41 | D:1      | Reached skill level 1 in Stealth
   133 | D:1      | Reached XP level 2. HP: 7/18 MP: 5/5
   147 | D:1      | Learned a level 2 spell: Wereblood
   729 | D:1      | Reached XP level 3. HP: 23/23 MP: 6/6
   733 | D:1      | Learned a level 3 spell: Spider Form
  1915 | D:2      | Reached XP level 4. HP: 22/28 MP: 5/7
  2493 | D:2      | Found a snail-covered altar of Cheibriados.
  2510 | D:2      | Found a blossoming altar of Fedhas.
  2512 | D:2      | Found a basalt altar of Yredelemnul.
  2534 | D:2      | Found an ancient bone altar of Kikubaaqudgha.
  2571 | D:3      | Noticed a centaur
  2576 | D:3      | HP: 1/29 [centaur (10)]
  2576 | D:3      | Mangled by a centaur

Illustrated notes

Levels and vault maps discovered:
D:1:      mrwooster_arrival_statue_3, layout_basic, roderic_three_in_a_row
D:2:      layout_rooms, nicolae_overflow_hidden_temple
D:3:      layout_loops_ring, minmay_misc_feat_roman, uniq_robin, uniq_jessica

Skill      XL: |  1  2  3  4 |
---------------+-------------+-----
Stealth        | 2 3 4 |  4.0
Fighting       | 2 |  2.0
Unarmed Combat | 4 |  4.1
Dodging        | |  2.0
Spellcasting   | |  2.0
Transmutations | |  2.0

Action                   |  1- 3 |  4- 6 || total
-------------------------+-------+-------++-------
Melee: Unarmed           |    87 |    25 ||   112
       Constrict         |    23 |     5 ||    28
       Tentacles         |     9 |     1 ||    10
       Kick              |     5 |     4 ||     9
       Punch             |     2 |       ||     2
Throw: Stone             |     4 |       ||     4
 Cast: Beastly Appendage |     4 |     3 ||     7
       Wereblood         |     1 |     2 ||     3
  Use: Scroll            |     1 |       ||     1
       Potion            |       |     1 ||     1
 Stab: Sleeping          |     4 |       ||     4
Armor: Skin              |    10 |     1 ||    11
Dodge: Dodged            |    49 |    15 ||    64

Table legend: (Time is in decaauts)
 A = Elapsed time spent in this place.
 B = Non-inter-level travel time spent in this place.
 C = Inter-level travel time spent in this place.
 D = Time resting spent in this place.
 E = Time spent auto-exploring this place.
 F = Levels seen in this place.
 G = Mean time per level.
                   A        B        C        D        E       F      G
               +--------+--------+--------+--------+--------+-----+--------+
         Total |   2570 |   2496 |     74 |    725 |   1461 |   3 |  856.7 |
       Dungeon |   2570 |   2496 |     74 |    725 |   1461 |   3 |  856.7 |
               +--------+--------+--------+--------+--------+-----+--------+

Top non-repeatable levels by time:
     D:1: 1442 daAuts
     D:2: 1112 daAuts
     D:3: 15 daAuts
